 Dungeon Crawl Stone Soup version 0.32-a0-433-g08bcfe7efd (webtiles) character file.

Game seed: 14801949616052728623

190844 TheMeInTeam the Blocker (level 18, -1/126 HPs)
             Began as an Octopode Warper on Feb 22, 2024.
             Was the Champion of Okawaru.
             Slain by a kraken (40 damage)
             ... on level 2 of the Shoals.
             The game lasted 01:44:24 (44423 turns).

TheMeInTeam the Blocker (Octopode Warper)          Turns: 44423, Time: 01:44:24

Health: -1/126     AC:  8    Str: 14    XL:     18   Next: 63%
Magic:  0/31       EV: 25    Int: 24    God:    Okawaru [******]
Gold:   1648       SH: 18    Dex: 36    Spells: 17/21 levels left

rFire   + + .        a - +8 demon blade of Fulaqar {vamp, rF+ Str+3}
rCold   + . .        j - +0 kite shield
rNeg    . . .        F - +3 crown of Dyrovepreva {rElec Int+2 SInv}
rPois   +            z - amulet of guardian spirit
rElec   +            x - ring of Wecw {Will++ MP+9}
rCorr   +            i - +4 ring of protection
SInv    +            S - ring of protection from cold
Will    +++..        T - ring of Wavopp {rF+ Str+3 Dex+6 Stlth-}
Stlth   +++++        H - ring of resist corrosion
HPRegen 0.41/turn    W - +6 ring of dexterity
MPRegen 0.22/turn    I - +6 ring of dexterity
                     q - ring "Vaomy" {rPois rCorr Str-3 Int+6}

%: guardian spirit
@: maw-form, on blink cooldown
A: devouring maw, almost no armour, amphibious, 8 rings, camouflage 1,
gelatinous body 1, nimble swimmer 1, tentacles
a: Begin Untransformation, Renounce Religion, Heroism, Finesse, Duel


You were on level 2 of the Shoals.
You worshipped Okawaru.
Okawaru was exalted by your worship.
You were a creature with a mouth for a stomach.
You visited 5 branches of the dungeon, and saw 27 of its levels.
You also visited: Sewer, Bailey and Ice Cave.

You collected 2868 gold pieces.
You spent 1220 gold pieces at shops.

Inventory:

Hand Weapons
 a - the +8 demon blade of Fulaqar (weapon) {vamp, rF+ Str+3}
   (Okawaru gifted it to you on level 2 of the Spider Nest)

   Str+3:     It affects your strength (+3).
   rF+:       It protects you from fire.
 e - a +1 short sword of draining
Missiles
 P - 4 throwing nets
Armour
 j - a +0 kite shield (worn)
 F - the +3 crown of Dyrovepreva (worn) {rElec Int+2 SInv}
   (Okawaru gifted it to you on level 2 of the Spider Nest)

   Int+2:     It affects your intelligence (+2).
   rElec:     It insulates you from electricity.
   SInv:      It lets you see invisible.
Jewellery
 c - a ring of flight
 i - a +4 ring of protection (right tentacle)
 q - the ring "Vaomy" (on tentacle) {rPois rCorr Str-3 Int+6}
   (You acquired it on level 15 of the Dungeon)

   [ring of intelligence]

   Str-3:     It affects your strength (-3).
   Int+6:     It affects your intelligence (+6).
   rPois:     It protects you from poison rCorr: It protects you from acid and
   corrosion.
 w - a ring of see invisible
 x - the ring of Wecw (left tentacle) {Will++ MP+9}
   (You found it on level 15 of the Dungeon)

   [ring of magical power]

   Will++:    It greatly increases your willpower.
   MP+9:      It affects your magic capacity (+9).
 z - an amulet of guardian spirit (around mantle)
 H - a ring of resist corrosion (on tentacle)
 I - a +6 ring of dexterity (on tentacle)
 S - a ring of protection from cold (on tentacle)
 T - the ring of Wavopp (on tentacle) {rF+ Str+3 Dex+6 Stlth-}
   (You found it on level 15 of the Dungeon)

   [ring of dexterity]

   Str+3:     It affects your strength (+3).
   Dex+6:     It affects your dexterity (+6).
   rF+:       It protects you from fire.
   Stlth-:    It makes you less stealthy.
 W - a +6 ring of dexterity (on tentacle)
Talismans
 K - a granite talisman
 M - a maw talisman (active)
Wands
 r - a wand of flame (4)
 s - a wand of roots (9)
 C - a wand of digging (8)
 D - a wand of polymorph (12)
 E - a wand of mindburst (11)
Scrolls
 b - 3 scrolls of blinking
 g - 10 scrolls of fog
 h - 2 scrolls of enchant armour
 l - a scroll of silence
 m - 7 scrolls of vulnerability
 t - 11 scrolls of teleportation
 y - 3 scrolls of enchant weapon
 B - 4 scrolls of poison
 J - 2 scrolls of revelation
 L - 2 scrolls of fear
 R - 3 scrolls of amnesia
 X - 2 scrolls of immolation
 Z - a scroll of torment
Potions
 d - 2 potions of berserk rage
 f - 4 potions of lignification
 k - 6 potions of mutation
 n - 4 potions of haste
 o - 4 potions of invisibility
 p - 5 potions of might
 u - 9 potions of curing
 v - a potion of ambrosia
 A - a potion of resistance
 G - 5 potions of magic
 O - 2 potions of heal wounds
Miscellaneous
 U - a lightning rod (4/4)
 Y - a phial of floods


   Skills:
 + Level 12.3 Fighting
 - Level 12.4(14.6) Short Blades
 * Level 12.9(14.9) Long Blades
 - Level 1.0 Throwing
 + Level 9.9 Dodging
 - Level 5.0 Stealth
 + Level 14.8 Shields
 - Level 2.0 Spellcasting
 - Level 3.0 Translocations
 - Level 6.0 Invocations
 - Level 6.0 Evocations
 * Level 14.2 Shapeshifting


You had 17 spell levels left.
You knew the following spells:

 Your Spells              Type           Power      Damage    Failure   Level
b - Lesser Beckoning      Tloc           32%        N/A       10%         2
s - Blink                 Tloc           32%        N/A       10%         2

Your spell library contained the following spells:

 Spells                   Type           Power      Damage    Failure   Level
 Gell's Gravitas          Tloc           16%        N/A       19%         3
 Teleport Other           Tloc           16%        N/A       19%         3
 Kiss of Death            Conj/Necr      8%         2d6       22%         1
 Necrotise                Necr           8%         1d4       22%         1
 Sandblast                Erth           4%         2d4       22%         1
 Ensorcelled Hibernation  Hex/Ice        4%         N/A       32%         2
 Static Discharge         Conj/Air       4%         3-4/arc   32%         2
 Sublimation of Blood     Necr           2%         N/A       32%         2
 Volatile Blastmotes      Fire/Tloc      18%        2d11      34%         3
 Confusing Touch          Hex            2%         N/A       54%         3
 Dazzling Flash           Conj/Hex       4%         N/A       54%         3
 Hailstorm                Conj/Ice       2%         3d5       54%         3
 Inner Flame              Hex/Fire       2%         N/A       54%         3
 Mephitic Cloud           Conj/Alch/Air  2%         N/A       54%         3
 Passwall                 Erth           2%         N/A       54%         3
 Stone Arrow              Conj/Erth      4%         3d7       54%         3
 Swiftness                Air            2%         N/A       54%         3
 Vampiric Draining        Necr           2%         2d6       54%         3
 Manifold Assault         Tloc           16%        N/A       54%         4
 Vhi's Electric Charge    Tloc/Air       18%        N/A       75%         4
 Airstrike                Air            1%         2d(1-17)  91%         4
 Brom's Barrelling Bould  Conj/Erth      2%         2d3       91%         4
 Dispel Undead            Necr           2%         3d7       91%         4
 Olgreb's Toxic Radiance  Alch           2%         N/A       91%         4
 Alistair's Intoxication  Alch           1%         N/A       99%         5
 Arcjolt                  Conj/Air       1%         1d11      99%         5
 Borgnjor's Vile Clutch   Necr/Erth      1%         N/A       99%         5
 Curse of Agony           Necr           2%         N/A       99%         5
 Irradiate                Conj/Alch      1%         3d12      99%         5
 Silence                  Hex/Air        1%         N/A       99%         5
 Eringya's Noxious Bog    Alch           1%         4d6       100%        6
 Plasma Beam              Fire/Air       1%         2x1d11    100%        6
 Starburst                Conj/Fire      1%         6d3       100%        6
 Orb of Destruction       Conj           1%         9d5       100%        7
 Ozocubu's Refrigeration  Ice            1%         4d7       100%        7
 Borgnjor's Revivificati  Necr           1%         N/A       100%        8
 Discord                  Hex            1%         N/A       100%        8
 Ignition                 Fire           1%         3d3       100%        8
 Maxwell's Capacitive Co  Air            1%         ∞         100%        8
 Death's Door             Necr           1%         N/A       100%        9
 Call Imp                 Summ           Unusable   N/A       N/A         2
 Summon Ice Beast         Ice/Summ       Unusable   N/A       N/A         3
 Martyr's Knell           Necr/Summ      Unusable   N/A       N/A         4
 Summon Blazeheart Golem  Fire/Summ      Unusable   N/A       N/A         4
 Summon Lightning Spire   Summ/Air       Unusable   N/A       N/A         4
 Sculpt Simulacrum        Ice/Alch       Unusable   N/A       N/A         6
 Haunt                    Necr/Summ      Unusable   N/A       N/A         7
 Spellforged Servitor     Conj/Summ      Unusable   N/A       N/A         7
 Summon Hydra             Summ           Unusable   N/A       N/A         7

Dungeon Overview and Level Annotations

Branches:
Dungeon (15/15)            Temple (0/1) D:5            Lair (5/5) D:8
 Shoals (2/4) Lair:2       Spider (3/4) Lair:3        Slime (0/5) Lair:4
    Orc (2/2) D:12            Elf (0/3) Orc:2        Vaults (0/5) D:13
 Depths (0/4) D:15          Sewer (visited)          Bailey (visited)
  IceCv (visited)

Altars:
Cheibriados
Dithmenos
Elyvilon
Fedhas
Hepliaklqana
Makhleb
Nemelex Xobeh
Okawaru
Qazlal
Ru
Vehumet
Wu Jian
Xom
Yredelemnul
Zin
The Shining One
Beogh

Shops:
D:7 !*   D:8 [*   D:11 (   Orc:2 *([:

Annotations:
Lair:3 Rupert
Lair:4 exclusion: 3 oklob plants
Shoals:2 1 runed translucent door


Innate Abilities, Weirdness & Mutations

You are a creature with a mouth for a stomach.
Your midsection houses a second, enormous mouth.
You cannot wear most types of armour.
You are amphibious.
You can wear up to eight rings at the same time.
Your skin changes colour to match your surroundings (Stealth+).
Your rubbery body absorbs attacks. (AC +1, EV +1)
You are camouflaged when in or above water. (Stealth+)
You have tentacles for arms and can constrict up to eight enemies at once.


Message History

You feel better.
You squeeze the catoblepas! You bite the catoblepas!
You devour half of the catoblepas!
You feel better.
You kill the catoblepas!
Okawaru accepts your kill. You block the death yak's attack.
You slice the death yak!!
The death yak is moderately wounded.
You barely miss the death yak. You squeeze the death yak.
You bite the death yak!
The death yak is heavily wounded.
You block the death yak's attack.
You hit the death yak.
You squeeze the death yak, but do no damage.
The death yak is heavily wounded.
You block the death yak's attack.
You slice the death yak!! You squeeze the death yak!
You kill the death yak!
Okawaru accepts your kill.
No target in view!
No target in view!
Things that are here:
11 large rocks; a death yak corpse; a sea snake corpse You now have 1648 gold pieces (gained 20).
Found a ring mail.
You enter the shallow water.
A water nymph comes into view.
A skyshark comes into view.
Found a scroll of enchant weapon.
The water nymph shouts!
You enter the shallow water.
The water nymph gestures at you while chanting.
The water swirls and strikes you!
A sea snake comes into view.
The sea snake moves out of view.
You slice the skyshark!!
You feel better.
Your bite misses the skyshark.
The skyshark is moderately wounded.
You block the skyshark's attack. x2; The skyshark misses you.
You open the skyshark like a pillowcase!!!
You bite the skyshark!
The skyshark is almost dead.
The sea snake hisses angrily.
You slash the skyshark!
You devour half of the skyshark!
You feel better.
You kill the skyshark!
Okawaru accepts your kill.
You slash the water nymph! You grab the water nymph. You bite the water nymph!
The water nymph is severely wounded.
You constrict the water nymph. You slice the water nymph!!
You devour the water nymph!
You feel better.
You kill the water nymph!
Okawaru accepts your kill.
You closely miss the sea snake. You grab the sea snake.
You squeeze the sea snake! You bite the sea snake!
The sea snake is moderately wounded.
You constrict the sea snake. The sea snake completely misses you.
You slice the sea snake!! You bite the sea snake!
The sea snake is severely wounded.
You constrict the sea snake. The sea snake bites you!
You are poisoned.
The sea snake poisons you!
You slice the sea snake!!
You feel better.
You devour the sea snake!
You feel better.
You kill the sea snake!
Okawaru accepts your kill.
You feel extremely sick.
You feel extremely sick.
You feel extremely sick.
y - 3 scrolls of enchant weapon (gained 1)
You feel very sick.
You feel very sick.
You feel very sick.
You feel very sick.
You feel sick.
You feel sick.
You feel sick.
A sea snake comes into view.
You feel sick.
The sea snake hisses angrily.
You feel sick.
You feel sick.
You slash the sea snake!
You feel better.
You grab the sea snake.
You squeeze the sea snake, but do no damage.
You bite the sea snake.
The sea snake is lightly wounded.
You constrict the sea snake, but do no damage.
The sea snake closely misses you.
You slice the sea snake!!
You feel better.
The sea snake is heavily wounded.
You constrict the sea snake.
You feel sick. You block the sea snake's attack.
You hit the sea snake. You bite the sea snake!
The sea snake is severely wounded.
You constrict the sea snake.
You feel sick.
You are no longer poisoned.
You slice the sea snake!!
You devour the sea snake!
You feel better.
You kill the sea snake!
Okawaru accepts your kill.
Unknown command.
HP restored.
Magic restored.
You enter the shallow water.
You enter the shallow water.
Key pressed, stopping explore.
You enter the shallow water.
Found a robe.
A kraken comes into view.
Aiming: Mindburst
Press: ? - help, Shift-Dir - straight line, f - kraken
Aim: a kraken (water, chance to affect: 53%)
The kraken's mind is blasted!
You hit the kraken.
You squeeze the kraken, but do no damage.
The kraken is lightly wounded.
The kraken misses you.
You slice the kraken!! You bite the kraken.
The kraken is moderately wounded.
The kraken closely misses you.
You hit the kraken but do no damage.
The kraken is moderately wounded.
You block the kraken's attack.
You hit the kraken but do no damage. You bite the kraken, but do no damage.
The kraken is moderately wounded.
You block the kraken's attack.
You hit the kraken but do no damage. You squeeze the kraken.
You bite the kraken!
The kraken is moderately wounded.
Tentacles burst out of the water! 4 tentacles come into view.
You hit the kraken.
You squeeze the kraken, but do no damage.
You bite the kraken, but do no damage.
The kraken is moderately wounded.
You block the tentacle's attack. The tentacle misses you.
The tentacle slaps you! You block the kraken's attack.
You slice the kraken!!
You feel better.
You squeeze the kraken, but do no damage.
You bite the kraken!
The kraken is heavily wounded.
You block the tentacle's attack. The tentacle slaps you!
You block the tentacle's attack. You block the kraken's attack.
You slash the kraken! You bite the kraken, but do no damage.
The kraken is heavily wounded.
The tentacle misses you. You block the tentacle's attack.
The tentacle closely misses you. You block the tentacle's attack.
You block the kraken's attack.
You hit the kraken.
You feel better.
You bite the kraken!
The kraken is heavily wounded.
You block the tentacle's attack. The tentacle slaps you!!
You block the tentacle's attack. The tentacle completely misses you.
The kraken bites you!
You slice the kraken!!
You feel better.
You squeeze the kraken!
The kraken is severely wounded.
The tentacle completely misses you. The tentacle barely misses you.
You block the tentacle's attack. x2
The kraken squirts a massive cloud of ink into the water!
The tentacle completely misses you. x2
You block the tentacle's attack.
You slash the kraken!
You feel better.
You squeeze the kraken, but do no damage.
You bite the kraken.
The kraken is severely wounded.
The tentacle completely misses you. The tentacle slaps you.
The tentacle slaps you!!
You hit the kraken but do no damage.
You squeeze the kraken, but do no damage.
You bite the kraken!
The kraken is severely wounded.
You block the tentacle's attack. x2; The tentacle completely misses you.
You block the kraken's attack. The tentacle barely misses you.
The tentacle slaps you!! The tentacle closely misses you.
You hit the kraken but do no damage. You bite the kraken.
The kraken is severely wounded.
The kraken squirts a massive cloud of ink into the water!
You block the tentacle's attack. The tentacle slaps you!!
You block the tentacle's attack.
Okay, then.
Casting: Blink (safe; 10% risk of failure)
Confirm with . or Enter, or press ? or * to list all spells.
You blink.
Floosh!
The kraken squirts a massive cloud of ink into the water!
The tentacle closely misses you.
A tentacle segment comes into view.
You slice the tentacle!! You bite the tentacle!
The tentacle is severely wounded.
You block the tentacle's attack.
The kraken squirts a massive cloud of ink into the water!
You block the tentacle's attack. The tentacle barely misses you.
A tentacle segment comes into view.
You completely miss the tentacle.
You squeeze the tentacle, but do no damage.
You bite the tentacle, but do no damage.
The tentacle is severely wounded.
You block the tentacle's attack. The tentacle slaps you!!
* * * LOW HITPOINT WARNING * * *
The tentacle slaps you but does no damage.
The tentacle slaps you!
* * * LOW HITPOINT WARNING * * *
A tentacle segment comes into view.
You feel much better. You block the tentacle's attack. x3
The tentacle slaps you!! The kraken bites you!!!
You die...

###################
≈≈≈≈≈≈≈≈≈≈≈≈≈≈≈≈≈≈#
≈≈≈≈≈≈≈≈≈§§≈≈≈≈≈≈≈#
≈≈≈≈≈≈≈≈≈§§≈≈≈≈≈≈≈#
≈≈≈≈≈≈≈≈w§§§§§≈≈≈≈#
≈≈≈≈≈≈≈WX§§§§§≈≈≈≈#
≈≈≈≈≈≈www>§§§§≈≈≈≈#
≈≈≈≈≈≈≈──§§§§§≈≈≈≈#
≈≈≈≈≈≈≈≈≈§§§§≈≈≈≈≈#
≈≈≈≈≈≈≈≈≈≈§§§≈≈≈≈≈#
≈≈≈≈≈≈≈≈≈≈≈≈≈≈≈≈≈≈#
≈≈≈≈≈≈≈≈≈≈≈≈≈≈≈≈≈≈#
≈≈≈≈≈≈≈≈≈≈≈≈≈≈≈≈≈≈#
≈≈≈≈≈≈≈≈≈≈≈≈≈≈≈#


You could see a kraken and 4 tentacles.

Vanquished Creatures
  Polyphemus (Shoals:2)
  An emperor scorpion (Spider:1)
  A ghost moth (Spider:2)
  A broodmother (Spider:3)
  The ghost of Veikh the Unseen, a journeyman SpDe of Dithmenos (D:15)
  A spark wasp (Spider:3)
  2 entropy weavers
  Josephine (D:14)
  An ice dragon (Lair:5)
  Erolcha (D:9)
  A rakshasa (D:15)
  8 vault guards (D:13)
  2 hydras
  6 centaur warriors
  A death knight (D:13)
  3 jorogumos
  A merfolk avatar (Shoals:1)
  A radroach (Spider:1)
  3 catoblepae
  Erica (D:9)
  9 boulder beetles
  5 death yaks
  An anaconda (Lair:5)
  A tengu warrior (D:13)
  7 demonic crawlers
  2 occultists (D:15)
  4 two-headed ogres
  A hell hog (Lair:5)
  3 orc high priests (Orc:2)
  2 sun demons (Shoals:1)
  9 skeletal warriors
  Lodul (D:14)
  3 pharaoh ants
  3 sea snakes (Shoals:2)
  A glowing orange brain (shapeshifter) (D:15)
  4 skysharks
  5 orb spiders
  Pikel (D:4)
  A sun moth (Spider:3)
  5 harpies (Shoals:1)
  A necromancer (D:15)
  A lindwurm (Lair:5)
  A swamp dragon (Lair:5)
  A harpy (shapeshifter) (D:15)
  A deep elf zephyrmancer (D:15)
  5 orc sorcerers
  12 wolf spiders
  6 orc knights
  3 deep elf pyromancers
  3 steelbarb worms (Spider:1)
  20 ugly things
  A faun (Shoals:2)
  7 manticores
  Maurice (Orc:2)
  A moth of wrath (Spider:1)
  3 meliai (Spider:3)
  14 elephants
  4 cyclopes
  2 kobold blastminers (Orc:2)
  3 water nymphs
  2 merfolk sirens
  4 black mambas
  5 torpor snails
  Joseph (D:9)
  A centaur zombie (D:15)
  A gargoyle (D:14)
  5 kobold demonologists
  17 komodo dragons
  11 cane toads
  2 rime drakes (Lair:5)
  An efreet (D:15)
  A yaktaur (D:15)
  3 freezing wraiths (D:15)
  3 wind drakes
  5 merfolk
  A queen bee (shapeshifter) (D:13)
  21 tarantellas
  6 trolls
  11 polar bears
  9 blink frogs
  A harpy skeleton (D:15)
  4 hornets
  A raiju (Lair:5)
  4 dream sheep (Shoals:1)
  6 slime creatures (D:15)
  11 wraiths
  22 jumping spiders
  A shadow (D:12)
  19 culicivoras
  5 spriggans (Bailey)
  37 yaks
  6 wyverns
  A fire bat (shapeshifter) (D:14)
  Grum (D:9)
  7 basilisks
  3 neqoxecs (D:15)
  6 wargs
  Eustachio (D:5)
  2 vampire mosquitoes (D:13)
  8 steam dragons
  42 redbacks
  4 swamp worms (Lair:5)
  4 acid dragons
  18 water moccasins
  16 hell hounds (Lair:5)
  25 orc warriors
  12 black bears
  4 ice beasts
  5 sky beasts
  2 laughing skulls (D:15)
  14 ogres
  23 wolves
  2 centaurs
  2 lemures (D:4)
  A phantom (D:6)
  4 kobold brigands
  A weeping skull (D:7)
  15 bullfrogs
  3 gnoll sergeants
  4 wights (D:8)
  8 killer bees
  2 electric eels
  2 howler monkeys
  3 quasits (D:15)
  19 orc priests
  A bombardier beetle (D:6)
  3 gnoll boudas
  A jelly (D:6)
  5 hounds
  3 sleepcaps
  7 iguanas
  28 orc wizards
  4 hell rats (Lair:4)
  A boggart skeleton (D:15)
  23 gnolls
  12 adders
  6 river rats
  2 shadow imps (D:6)
  13 white imps
  3 ufetubi
  9 ribbon worms
  83 orcs
  15 ball pythons
  5 endoplasms
  5 giant cockroaches (D:4)
  7 goblins
  12 hobgoblins
  10 jackals
  13 kobolds
  A quokka (D:4)
  13 bats
  6 frilled lizards
  25 rats
  A spectral orc (D:7)
1004 creatures vanquished.

Vanquished Creatures (others)
  A tengu conjurer (D:13)
  A jumping spider (Spider:3)
  A steam dragon (Lair:5)
  A lemure (D:4)
  A kobold (D:4)
5 creatures vanquished.

Grand Total: 1009 creatures vanquished

Notes
Turn   | Place    | Note
-------+----------+-------------------------------------------
     0 | D:1      | TheMeInTeam the Octopode Warper began the quest for the
                  | Orb.
     0 | D:1      | Reached XP level 1. HP: 14/14 MP: 3/3
   116 | D:1      | Reached XP level 2. HP: 17/19 MP: 5/5
   215 | D:1      | Reached skill level 1 in Stealth
   650 | D:1      | Reached XP level 3. HP: 25/25 MP: 6/6
  1195 | D:2      | Reached XP level 4. HP: 29/31 MP: 7/7
  1359 | D:2      | Identified the +7 mace "Widowermaker" {protect, rF+}
  1637 | D:1      | Reached skill level 1 in Shields
  1663 | D:2      | Reached XP level 5. HP: 35/36 MP: 8/8
  2104 | D:3      | Found a glowing drain.
  2108 | Sewer    | Entered a sewer
  2225 | Sewer    | Reached XP level 6. HP: 41/43 MP: 9/9
  2674 | D:3      | Found an iron altar of Okawaru.
  2700 | D:3      | Became a worshipper of Warmaster Okawaru
  2741 | D:3      | Found a hazy altar of Hepliaklqana.
  2758 | D:3      | Reached XP level 7. HP: 49/49 MP: 10/10
  2775 | D:3      | Found a snail-covered altar of Cheibriados.
  2782 | D:3      | Found a faded altar of an unknown god.
  2921 | D:3      | You fall into a shaft and drop 2 floors!
  2921 | D:5      | Entered Level 5 of the Dungeon
  4410 | D:4      | Found a glowing silver altar of Zin.
  4410 | D:4      | Found a burning altar of Makhleb.
  4411 | D:4      | Noticed a cacodemon
  4411 | D:4      | Noticed an angel
  4672 | D:4      | Found a stormy altar of Qazlal.
  4761 | D:4      | Reached skill level 5 in Fighting
  4771 | D:4      | Reached skill level 5 in Short Blades
  4921 | D:4      | Noticed Pikel
  4938 | D:4      | Killed Pikel
  4938 | D:4      | Reached * piety under Okawaru
  4938 | D:4      | Reached ** piety under Okawaru
  4939 | D:4      | Reached XP level 8. HP: 31/57 MP: 11/11
  5507 | D:5      | Noticed Eustachio
  5747 | D:5      | Found a staircase to the Ecumenical Temple.
  5769 | D:5      | Killed Eustachio
  6505 | D:6      | Reached XP level 9. HP: 63/63 MP: 12/12
  6614 | D:5      | Learned a level 2 spell: Blink
  6617 | D:5      | Learned a level 2 spell: Lesser Beckoning
  6632 | D:6      | Reached *** piety under Okawaru
  8295 | D:7      | Found Nifif's Gadget Gallery.
  8407 | D:7      | Reached skill level 5 in Shields
  8469 | D:7      | Found Qutwymiu's Distillery.
  8641 | D:7      | Bought a potion of heal wounds for 75 gold pieces
  8641 | D:7      | Bought a potion of degeneration for 15 gold pieces
  8641 | D:7      | Bought a potion of enlightenment for 75 gold pieces
  8710 | D:7      | Reached skill level 5 in Invocations
  8710 | D:7      | Reached XP level 10. HP: 69/73 MP: 13/13
  8860 | D:7      | Found an ornate altar of the Wu Jian Council.
  9003 | D:7      | Found a basalt altar of Yredelemnul.
  9085 | D:7      | Noticed Maggie
  9086 | D:7      | Maggie changed into Maggie the water moccasin
  9086 | D:7      | Noticed Maggie
  9090 | D:7      | Killed Maggie the water moccasin
  9251 | D:8      | Reached **** piety under Okawaru
  9301 | D:8      | Found Heni Feo's Armour Shop.
  9310 | D:8      | Bought a +2 buckler for 264 gold pieces
  9378 | D:8      | Found a white marble altar of Elyvilon.
  9448 | D:8      | Found a sacrificial altar of Ru.
  9531 | D:8      | Found Fuc Zusew's General Store.
  9618 | D:8      | Found a flagged portal.
  9642 | D:8      | Reached skill level 1 in Evocations
  9676 | Bailey   | Entered a bailey
  9760 | Bailey   | Noticed a two-headed ogre
  9767 | Bailey   | Reached skill level 1 in Long Blades
  9768 | Bailey   | Killed a two-headed ogre
 10143 | D:8      | Found a radiant altar of Vehumet.
 10593 | D:8      | Found a sparkling altar of Nemelex Xobeh.
 10632 | D:8      | Found a staircase to the Lair.
 10712 | D:8      | Bought a scroll of teleportation for 48 gold pieces
 10712 | D:8      | Bought a potion of curing for 48 gold pieces
 10801 | D:8      | Found a blossoming altar of Fedhas.
 11016 | D:9      | Found a shadowy altar of Dithmenos.
 11051 | D:9      | Noticed Joseph
 11093 | D:9      | Killed Joseph
 11094 | D:9      | Reached skill level 1 in Shapeshifting
 11358 | D:9      | Reached XP level 11. HP: 56/80 MP: 15/15
 11616 | D:9      | Noticed Erica
 12154 | D:9      | Killed Erica
 12155 | D:9      | Reached skill level 10 in Fighting
 12155 | D:9      | Reached skill level 10 in Short Blades
 12527 | D:9      | Noticed Erolcha
 12641 | D:9      | Found a glowing golden altar of the Shining One.
 12720 | D:9      | Killed Erolcha
 12720 | D:9      | Reached ***** piety under Okawaru
 12786 | D:9      | Noticed Grum
 12851 | D:9      | Killed Grum
 13113 | D:9      | Paralysed by a hornet for 2 turns
 13216 | D:10     | Entered Level 10 of the Dungeon
 13606 | D:10     | Received a gift from Okawaru
 13841 | D:10     | Found a shimmering altar of Xom.
 14142 | D:10     | Noticed an orc knight
 14420 | D:10     | Killed an orc knight
 14421 | D:10     | Reached XP level 12. HP: 73/87 MP: 8/16
 14522 | D:10     | Found a roughly hewn altar of Beogh.
 14630 | Lair:1   | Entered Level 1 of the Lair of Beasts
 14650 | D:8      | Reached skill level 5 in Evocations
 14897 | Lair:1   | Found a frozen archway.
 15158 | IceCv    | Entered an ice cave
 15315 | Lair:1   | Reached skill level 5 in Long Blades
 15320 | Lair:1   | Received a gift from Okawaru
 15758 | Lair:1   | Identified the +7 sling of Wondrous Power {drain, ^Contam
                  | rElec MP+9 Int+4}
 17121 | Lair:2   | Received a gift from Okawaru
 17503 | Lair:2   | Found a staircase to the Shoals.
 17669 | Lair:3   | Noticed a five-headed hydra
 17681 | Lair:3   | Killed a five-headed hydra
 17682 | Lair:3   | Reached skill level 5 in Shapeshifting
 17895 | Lair:3   | Reached XP level 13. HP: 69/92 MP: 14/17
 18204 | Lair:3   | Noticed Rupert
 18568 | Lair:3   | Found a hole to the Spider Nest.
 20251 | Lair:4   | Received a gift from Okawaru
 21481 | Lair:4   | Found a staircase to the Slime Pits.
 21522 | Lair:5   | Entered Level 5 of the Lair of Beasts
 21603 | Lair:5   | Reached skill level 10 in Shields
 22148 | Lair:5   | Received a gift from Okawaru
 23032 | Lair:5   | Reached XP level 14. HP: 32/99 MP: 5/18
 25274 | Lair:5   | Received a gift from Okawaru
 26115 | Lair:5   | Reached skill level 10 in Long Blades
 27741 | Lair:5   | Received a gift from Okawaru
 28359 | D:7      | Bought a phial of floods for 520 gold pieces
 29146 | D:11     | Found Ytoypsiet's Weapon Shoppe.
 30423 | D:12     | Reached skill level 5 in Stealth
 30922 | D:12     | Reached XP level 15. HP: 94/103 MP: 16/19
 31066 | D:12     | Found a staircase to the Orcish Mines.
 31237 | Orc:1    | Entered Level 1 of the Orcish Mines
 31246 | Orc:1    | Received a gift from Okawaru
 31548 | Orc:2    | Entered Level 2 of the Orcish Mines
 32159 | Orc:2    | Found a roughly hewn altar of Beogh.
 32173 | Orc:2    | Noticed Maurice
 32205 | Orc:2    | Something stole the +7 mace "Widowermaker" {protect, rF+}
 32206 | Orc:2    | Something stole a granite talisman
 32207 | Orc:2    | Killed Maurice
 32308 | Orc:2    | Paralysed by an orc sorcerer for 2 turns
 32799 | Orc:1    | Found a roughly hewn altar of Beogh.
 33078 | Orc:2    | Found a staircase to the Elven Halls.
 33137 | Orc:2    | Noticed Sonja
 33138 | Orc:2    | Sonja changed into Sonja the manticore
 33138 | Orc:2    | Noticed Sonja
 33157 | Orc:2    | Killed Sonja the manticore
 33334 | Orc:2    | Reached skill level 10 in Shapeshifting
 33538 | Orc:2    | Reached skill level 5 in Dodging
 33866 | Orc:2    | Found Fimeew's Book Shop.
 33866 | Orc:2    | Found Xaecvan's General Store.
 33868 | Orc:2    | Found Nyecw's Armour Shop.
 33868 | Orc:2    | Found Guaclump's Antique Weapon Emporium.
 33879 | Orc:2    | Bought 2 scrolls of teleportation for 78 gold pieces
 33879 | Orc:2    | Bought a scroll of blinking for 97 gold pieces
 34751 | D:13     | Found a gate to the Vaults.
 34826 | D:13     | Received a gift from Okawaru
 35222 | D:14     | Noticed Josephine
 35260 | D:14     | Killed Josephine
 35756 | D:14     | Reached XP level 16. HP: 87/109 MP: 16/20
 35775 | D:14     | Received a gift from Okawaru
 35936 | D:14     | Noticed Lodul
 35970 | D:14     | Killed Lodul
 36250 | D:14     | Reached XP level 17. HP: 116/116 MP: 21/21
 36267 | D:15     | Entered Level 15 of the Dungeon
 36877 | D:15     | Found a staircase to the Depths.
 36954 | D:15     | Found a transporter.
 36969 | D:15     | Noticed Veikh's ghost (journeyman SpDe)
 37123 | D:15     | Found a transporter.
 37395 | D:15     | Received a gift from Okawaru
 38022 | D:15     | Killed Veikh's ghost
 38033 | D:15     | Identified the +1 ring mail "Pyudghit" {Will+ Regen+ Dex+2}
 38040 | D:15     | Got the ring of Wavopp {rF+ Str+3 Dex+6 Stlth-}
 38042 | D:15     | Identified the ring of Wecw {Will++ MP+9}
 38105 | D:15     | Identified a scroll of acquirement
 38159 | D:15     | Acquired the ring "Vaomy" {rPois rCorr Str-3 Int+6}
 38494 | Spider:1 | Entered Level 1 of the Spider Nest
 39403 | Spider:1 | Received a gift from Okawaru
 39497 | Spider:1 | Identified the +7 quarterstaff of Midsummer {flame, rElec
                  | rF+}
 40543 | Spider:2 | Received a gift from Okawaru
 40668 | Spider:2 | Reached ****** piety under Okawaru
 40669 | Spider:2 | Acquired the +8 demon blade of Fulaqar {vamp, rF+ Str+3}
 40669 | Spider:2 | Received a gift from Okawaru
 40681 | Spider:2 | Acquired the +3 crown of Dyrovepreva {rElec Int+2 SInv}
 40681 | Spider:2 | Received a gift from Okawaru
 40681 | Spider:2 | Found the +3 crown of Dyrovepreva {rElec Int+2 SInv}
 40989 | Spider:2 | Reached XP level 18. HP: 126/126 MP: 1/22
 41531 | Spider:3 | Received a gift from Okawaru
 43047 | Shoals:1 | Entered Level 1 of the Shoals
 43108 | Shoals:1 | Identified the +1 chain mail of Autumn {-Cast rPois rC+}
 43457 | Shoals:1 | Received a gift from Okawaru
 44112 | Shoals:2 | Found a runed translucent door.
 44192 | Shoals:2 | Noticed Polyphemus
 44224 | Shoals:2 | Killed Polyphemus
 44423 | Shoals:2 | Slain by a kraken

Illustrated notes

Levels and vault maps discovered:
D:1:      heliophobic_arrival_battle_scene, layout_rooms
D:2:      layout_loops_ring
D:3:      kennysheep_six_static_rooms, layout_basic,
          mainiacjoe_overflow_six_doors_small, old_standard_altar,
          mainiacjoe_overflow_surrounded_room, lightli_sewer_entry_pipes,
          nicolae_ecumenical_snake_handling
D:4:      layout_loops_ring, grunt_temple_overflow_order_and_chaos_2,
          grunt_qazlal_clouds, uniq_pikel
D:5:      layout_loops_ring, minmay_temple_entry_waves, minivault_26,
          uniq_eustachio
D:6:      layout_cave_pools, roderic_batcave, serial_bayou_pond_e,
          kennysheep_generic_room_2
D:7:      layout_basic, yredelemnul_forgotten_temple_becter,
          pdpol_wu_jian_five_deadly_venoms, serial_shops, shop,
          minmay_misc_feat_doors, nicolae_shop_gadgets, uniq_maggie
D:8:      layout_loops_ring, elyvilon_altar_3, mainiacjoe_overflow_alcove_4,
          nicolae_ru_great_annihilating_truth, lemuel_tele_altar,
          nemelex_xobeh_ov_fountains_minmay, lair_entry_dummy, enter_bailey_4,
          serial_shops, shop, shop
D:9:      layout_loops_ring, nicolae_tso_swordbearing_angel,
          lemuel_crystal_altar, minmay_fractal_squares_diagonal_5, uniq_grum,
          uniq_erica, uniq_erolcha, uniq_joseph
D:10:     layout_irregular_city, general_overflow_altar, lightli_church_of_beogh
D:11:     layout_layer_cave, serial_shops, nicolae_shop_bloodbath_and_beyond
D:12:     layout_roguey, orc_0_dummy
D:13:     layout_cave_pools, erik_vaults_2, kennysheep_flooded_box
D:14:     layout_basic, serial_corexii_hall, corexii_hall_statues_x,
          chequers_hall_statues_wall_a, corexii_hall_statues_l,
          hangedman_abyss_or_decor_jellyfish_corner, uniq_josephine, uniq_lodul
D:15:     grunt_enter_depths_magical_seal, layout_small_grid,
          gammafunk_ghost_stat_death, minmay_alternating_orb
Lair:1:   layout_loops_ring, portal_ice_cave_entry_imps, evilmike_ambush
          [evilmike_ambush_outer_corners, evilmike_ambush_inner_basic],
          infiniplex_staircase_pool
Lair:2:   layout_regular_city, elwin_shoals_entry_rooms,
          chequers_serial_rivers_micro_a, beast_lair_carwin_9
Lair:3:   layout_loops_ring, hellmonk_spider_entry_life_and_decay, uniq_rupert
Lair:4:   layout_layer_cave, minmay_slime_entry_oklob_open, lemuel_fruit_fields
Lair:5:   guppyfry_lair_end_dragon, layout_big_grid,
          hangedman_lair_caniforms_friends, worms_lemuel
Shoals:1: layout_shoals, nicolae_shoals_sun_and_surf
Shoals:2: nicolae_shoals_offshore_bank_account, layout_shoals, uniq_polyphemus
Spider:1: layout_cave_pods, drop_trap
Spider:2: layout_spider_delve
Spider:3: layout_chambers, hellmonk_narrow_tunnel
Orc:1:    layout_diamond_mine, basic_altar
Orc:2:    grunt_orc_tribal_feast, layout_diamond_mine, mines1_david,
          uniq_maurice, uniq_sonja

Skill      XL: |  1  2  3  4  5  6  7  8  9 10 11 12 13 14 15 16 17 18 |
---------------+-------------------------------------------------------+-----
Stealth        | 1 2 5 |  5.0
Fighting       | 3 4 6 8 9 10 11 12 | 12.3
Short Blades   | 3 4 6 8 9 11 12 | 12.4
Shields        | 1 2 3 4 5 6 7 8 10 12 13 14 | 14.8
Invocations    | 2 3 5 6 |  6.0
Evocations     | 2 4 6 |  6.0
Long Blades    | 2 4 6 9 10 11 12 | 12.9
Shapeshifting  | 1 3 5 7 9 11 13 14 | 14.2
Dodging        | 3 6 7 9 |  9.9
Throwing       | |  1.0
Spellcasting   | |  2.0
Translocations | |  3.0

Action                     |  1- 3 |  4- 6 |  7- 9 | 10-12 | 13-15 | 16-18 || total
---------------------------+-------+-------+-------+-------+-------+-------++-------
  Melee: Short sword       |    79 |     8 |    10 |   653 |  1845 |   262 ||  2857
         Constrict         |    25 |    27 |    71 |   103 |   216 |   157 ||   599
         Tentacles         |    18 |    25 |   101 |   288 |   753 |   335 ||  1520
         Mace              |       |   119 |    82 |    48 |    21 |       ||   270
         Dagger            |       |       |   270 |    90 |       |       ||   360
         Rapier            |       |       |       |    22 |       |       ||    22
         Scimitar          |       |       |       |    23 |   126 |   283 ||   432
         Maw               |       |       |       |       |   319 |   436 ||   755
         Demon blade       |       |       |       |       |       |   330 ||   330
  Throw: Dart              |       |       |     5 |    10 |    33 |       ||    48
   Cast: Blink             |       |       |       |       |       |     2 ||     2
 Invoke: Heroism           |       |       |     3 |     9 |    17 |     3 ||    32
         Finesse           |       |       |       |     3 |     2 |     1 ||     6
         Receive Weapon    |       |       |       |       |       |     1 ||     1
         Receive Armour    |       |       |       |       |       |     1 ||     1
  Evoke: Wand              |       |       |       |     8 |     5 |     4 ||    17
         Lightning rod     |       |       |       |       |       |     6 ||     6
    Use: Potion            |     3 |       |     5 |     6 |     7 |     4 ||    25
         Scroll            |       |     3 |    12 |     7 |     7 |     7 ||    36
   Stab: Sleeping          |     3 |     5 |     8 |    12 |    14 |    14 ||    56
         Distracted        |       |       |     1 |       |     2 |     4 ||     7
         Invisible         |       |       |       |     3 |       |     5 ||     8
         Petrifying        |       |       |       |       |     4 |       ||     4
         Petrified         |       |       |       |       |     1 |       ||     1
 Armour: Skin              |    41 |    71 |   158 |   247 |   684 |   236 ||  1437
  Dodge: Dodged            |    48 |    99 |   136 |   232 |   535 |   412 ||  1462
  Block: Buckler           |       |       |       |   188 |     8 |       ||   196
         Kite shield       |       |       |       |       |   932 |   641 ||  1573
   Form: Beast             |       |       |       |     1 |       |       ||     1
         Maw               |       |       |       |       |     1 |       ||     1

Table legend: (Time is in decaauts)
 A = Elapsed time spent in this place.
 B = Non-inter-level travel time spent in this place.
 C = Inter-level travel time spent in this place.
 D = Time resting spent in this place.
 E = Time spent auto-exploring this place.
 F = Levels seen in this place.
 G = Mean time per level.
                   A        B        C        D        E       F      G
               +--------+--------+--------+--------+--------+-----+--------+
         Total |  43078 |  40566 |   2512 |   4625 |  25328 |  30 | 1435.9 |
       Dungeon |  20589 |  19134 |   1455 |   2177 |  11512 |  15 | 1372.6 |
          Lair |  13231 |  12631 |    600 |   1664 |   8505 |   5 | 2646.2 |
        Shoals |   1329 |   1268 |     61 |     87 |    716 |   2 |  664.5 |
   Spider Nest |   4334 |   4041 |    293 |    121 |   3034 |   3 | 1444.7 |
  Orcish Mines |   2680 |   2578 |    102 |    370 |   1443 |   2 | 1340.0 |
         Sewer |    468 |    468 |      0 |     40 |     75 |   1 |  468.0 |
        Bailey |    441 |    441 |      0 |    166 |     43 |   1 |  441.0 |
      Ice Cave |      3 |      3 |      0 |      0 |      0 |   1 |    3.0 |
               +--------+--------+--------+--------+--------+-----+--------+

Top non-repeatable levels by time:
  Lair:5: 5428 daAuts
  Lair:4: 3359 daAuts
Spider:1: 2052 daAuts
     D:9: 1942 daAuts
    D:11: 1895 daAuts
   Orc:2: 1865 daAuts
    D:15: 1803 daAuts
  Lair:3: 1590 daAuts
     D:4: 1588 daAuts
  Lair:1: 1562 daAuts
Spider:3: 1508 daAuts
     D:8: 1507 daAuts
     D:7: 1504 daAuts
     D:6: 1498 daAuts
  Lair:2: 1290 daAuts
